 Dungeon Crawl Stone Soup version 0.17.1-1-g73c8601 (webtiles) character file.

1470 Implojin the Grappler (level 8, 0/74 HPs)
             Began as a Troll Monk on Apr 2, 2016.
             Was an Elder of Okawaru.
             Slain by a giant frog (9 damage)
             ... on level 8 of the Dungeon.
             The game lasted 00:08:56 (1432 turns).

Implojin the Grappler (Troll Monk)                  Turns: 1432, Time: 00:08:56

Health: 0/74       AC:  5    Str: 20    XL:     8   Next: 49%
Magic:  6/7        EV: 14    Int:  6    God:    Okawaru [****..]
Gold:   66         SH:  0    Dex: 14    Spells: 0 memorised, 7 levels left

rFire  + . .     SeeInvis .       - Unarmed
rCold  . . .     Clarity  .     q - +0 robe {rF+}
rNeg   + . .     SustAt   .     (no shield)
rPois  .         Gourm    +     (helmet restricted)
rElec  .         Spirit   .     (no cloak)
rCorr  .         Warding  +     (gloves unavailable)
rMut   .         Stasis   .     (boots unavailable)
MR     .....                    o - amulet of warding
Stlth  ++........               (no ring)
                                (no ring)

@: heroism, not resistant to hostile enchantments, unstealthy
A: unfitting armour, claws 3, fast metabolism 3, gourmand, regeneration 2,
shaggy fur 1, tough skin 2
a: Heroism, Renounce Religion


You were on level 8 of the Dungeon.
You worshipped Okawaru.
Okawaru was greatly pleased with you.
You were not hungry.

You visited 2 branches of the dungeon, and saw 9 of its levels.

You collected 66 gold pieces.

Inventory:

Missiles
 s - 8 tomahawks (quivered)
Armour
 q - a +0 robe of fire resistance (worn)
Jewellery
 o - an amulet of warding (around neck)
 u - an uncursed ring of invisibility {unknown}
Scrolls
 e - a scroll of noise
 h - 2 scrolls of fear {unknown}
 i - 4 scrolls of immolation {unknown}
 m - 2 scrolls of magic mapping {unknown}
 n - 2 scrolls of teleportation {unknown}
 r - 2 scrolls of remove curse {unknown}
 t - a scroll of identify
Potions
 a - a potion of haste {unknown}
 c - a potion of ambrosia
 d - a potion of cancellation {unknown}
 g - 2 potions of curing
 j - a potion of heal wounds {unknown}
 k - a potion of magic
 p - 2 potions of flight
Comestibles
 b - 3 bread rations
 f - 3 fruits
 l - 3 meat rations


   Skills:
 - Level 2.4(7.4) Fighting
 - Level 2.4(7.4) Dodging
 - Level 1.1(6.1) Stealth
 * Level 11.2(16.2) Unarmed Combat


You had 7 spell levels left.
You didn't know any spells.

Dungeon Overview and Level Annotations

Branches:
Dungeon (8/15)             Temple (1/1) D:4            Lair (0/8) D:8

Altars:
Ashenzari
Cheibriados
Dithmenos
Elyvilon
Fedhas
Kikubaaqudgha
Makhleb
Nemelex Xobeh
Okawaru
Qazlal
Trog
Vehumet
Xom
Yredelemnul
Zin


Innate Abilities, Weirdness & Mutations

You are too large for most types of armour.
You have claws for hands.
Your metabolism is lightning-fast.
You like to eat raw meat.
You heal very quickly.
You are covered in fur (AC +1).
You have very tough skin (AC +2).


Message History

The wolf completely misses you.
The wolf bites the plant but does no damage.
The rat bites the fungus.
The rat bites the plant.
The giant frog hits the plant.
The bat hits the plant but does no damage.
The wolf closely misses you.
The wolf howls!
You mangle the wolf!!
You kill the wolf!
Okawaru is honoured by your kill.
The bat hits the plant but does no damage.
The wolf bites the fungus.
The bat hits the plant but does no damage.
The giant frog hits the plant.
The rat bites the fungus.
The fungus is destroyed!
The rat bites the fungus.
The wolf bites the fungus.
The rat bites the plant.
You closely miss the wolf.
The bat hits the plant but does no damage.
The wolf bites you!
* * * LOW HITPOINT WARNING * * *
The giant frog hits the plant but does no damage.
The bat hits the plant but does no damage.
The wolf bites the fungus.
The wolf bites you.
* * * LOW HITPOINT WARNING * * *
Unknown command.
Drink which item? (? for menu, Esc to quit)
Okay, then.
You mangle the wolf!! You claw the wolf!
You kill the wolf!
Okawaru is honoured by your kill.
Your base Unarmed Combat skill increases to level 11!
The bat hits the plant but does no damage. x2
The rat bites the fungus.
The wolf bites the fungus!
The rat bites the plant.
Unknown command.
You completely miss the giant frog.
The bat hits the plant but does no damage.
The wolf bites the fungus!
The bat hits the plant but does no damage.
The giant frog hits you!
You die... ##P..P.PPP.. ####....P.PPP.P. .....PPP..P.Ph.. #?.PPP....PPbPPP #..PPP...P.PP..P #P.PP)..P.PP$.P. #.#..P†P.r>PPrPPP. #.#.PPPFPP.PPP.P..

.......PP@PP..Pr...
.##.....PP.PPPPPPP..
#......PP...PPP...
##.......PPPPP....
###...P..P.P...#
#.P..PPPP..P.#
#######.#
##.P...P....##
........#
#...P.....##
....##...
###.......#


You could see a wolf, a giant frog, a bat and 3 rats.

Vanquished Creatures
  Prince Ribbit (D:5)
  Grum (D:8)
  A hungry ghost (D:8)
  3 wolves (D:8)
  An ogre (D:8)
  A big kobold (D:8)
  5 wights (D:6)
  2 hounds
  A centaur zombie (D:8)
  A centaur skeleton (D:5)
  2 orc wizards
  A worker ant zombie (D:8)
  2 adders
  A river rat (D:8)
  An ooze (D:2)
  A worm (D:3)
  A giant gecko (D:5)
  12 orcs
  A giant cockroach (D:1)
  5 goblins
  3 hobgoblins
  3 jackals
  4 kobolds (D:8)
  5 bats
  A giant newt (D:2)
  7 rats
67 creatures vanquished.

Vanquished Creatures (others)
  8 fungi (D:8)
8 creatures vanquished.

Grand Total: 75 creatures vanquished

Notes
Turn   | Place    | Note
--------------------------------------------------------------
     0 | D:1      | Implojin the Troll Monk began the quest for the Orb.
     0 | D:1      | Reached XP level 1. HP: 22/22 MP: 0/0
   111 | D:1      | Reached XP level 2. HP: 29/29 MP: 1/1
   175 | D:2      | Found a shadowy altar of Dithmenos.
   306 | D:2      | Found a shattered altar of Ashenzari.
   377 | D:3      | Reached skill level 5 in Unarmed Combat
   377 | D:3      | Reached XP level 3. HP: 31/36 MP: 2/2
   591 | D:4      | Reached XP level 4. HP: 39/44 MP: 3/3
   621 | D:4      | Found a basalt altar of Yredelemnul.
   654 | D:4      | Found a staircase to the Ecumenical Temple.
   659 | Temple   | Entered the Ecumenical Temple
   764 | Temple   | Became a worshipper of Warmaster Okawaru
   764 | Temple   | Reached * piety under Okawaru
   764 | Temple   | Reached ** piety under Okawaru
   819 | D:5      | Entered Level 5 of the Dungeon
   867 | D:5      | Noticed Prince Ribbit
   879 | D:5      | Reached skill level 6 in Unarmed Combat
   882 | D:5      | Killed Prince Ribbit
   882 | D:5      | Reached *** piety under Okawaru
   882 | D:5      | Reached skill level 7 in Unarmed Combat
   882 | D:5      | Reached XP level 5. HP: 9/50 MP: 1/4
   882 | D:5      | Reached XP level 6. HP: 10/59 MP: 1/5
  1066 | D:6      | Reached skill level 8 in Unarmed Combat
  1082 | D:6      | Reached XP level 7. HP: 34/66 MP: 4/6
  1303 | D:8      | Reached skill level 9 in Unarmed Combat
  1319 | D:8      | Reached **** piety under Okawaru
  1377 | D:8      | Found a staircase to the Lair.
  1391 | D:8      | Noticed Grum
  1401 | D:8      | Reached skill level 10 in Unarmed Combat
  1419 | D:8      | Killed Grum
  1419 | D:8      | Reached XP level 8. HP: 26/74 MP: 5/7
  1431 | D:8      | Reached skill level 11 in Unarmed Combat
  1432 | D:8      | Slain by a giant frog

Action                   |  1- 3 |  4- 6 |  7- 9 || total
-------------------------+-------+-------+-------++-------
Melee: Unarmed           |    41 |    44 |    89 ||   174
Invok: Heroism           |       |     2 |     2 ||     4
  Use: Scroll            |       |     6 |       ||     6
       Potion            |       |     1 |       ||     1
  Eat: Chunk             |    10 |     4 |     2 ||    16

Table legend:
 A = Turns spent in this place as a percentage of turns spent in the entire game.
 B = Non-inter-level travel turns spent in this place as a percentage of non-inter-level travel turns spent in the entire game.
 C = Inter-level travel turns spent in this place as a percentage of turns spent in this place.
 D = Turns resting spent in this place as a percentage of non-inter-level travel turns spent in this place.
 E = Turns spent auto-exploring this place as a percentage of non-inter-level travel turns spent in this place.
 F = Non-inter-level travel turns spent in this place divided by the number of levels of this place that you've seen.
                   A       B       C       D       E      F
               +-------+-------+-------+-------+-------+----------------------
         Total | 100.0 | 100.0 |   0.0 |   0.0 |   0.0 | 156.0
       Dungeon |  90.1 |  90.1 |   0.0 |   0.0 |   0.0 | 158.1
        Temple |   9.9 |   9.9 |   0.0 |   0.0 |   0.0 | 139.0
               +-------+-------+-------+-------+-------+----------------------

Table legend:
 A = Kills in this place as a percentage of kills in entire the game.
 B = Kills by you in this place as a percentage of kills by you in the entire game.
 C = Kills by friends in this place as a percentage of kills by friends in the entire game.
 D = Other kills in this place as a percentage of other kills in the entire game.
 E = Experience gained in this place as a percentage of experience gained in the entire game.
 F = Experience gained in this place divided by the number of levels of this place that you have seen.
                   A       B       C       D       E      F
               +-------+-------+-------+-------+-------+----------------------
         Total | 100.0 | 100.0 |  -nan |  -nan | 100.0 | 233.4
       Dungeon | 100.0 | 100.0 |  -nan |  -nan | 100.0 | 262.6
               +-------+-------+-------+-------+-------+----------------------
